TOP OF THE 1ST |
Pittsburgh Pirates batting - Pitching for Colorado Rockies : RHP Steven Wright
|
Pitching: RHP Steven Wright
|
|
Batting: RHB Byron Buxton
|
0-0: Fly out, F6 (Line Drive, 6, EV 62.5 MPH)
|
Batting: LHB LaMonte Wade Jr.
|
0-0: Ball 1-0: Ball 2-0: Ball 3-0: Base on Balls
|
Batting: LHB Didi Gregorius
|
0-0: Called Strike 0-1: Ball 1-1: Ball 2-1: Called Strike 2-2: Foul Ball, location: 2F 2-2: Fly out, F8 (Flyball, 8RS, EV 94.4 MPH)
|
Batting: RHB Franmil Reyes
|
0-0: Ball LaMonte Wade Jr. steals 2nd base 1-0: Ball 2-0: Foul Ball, location: 2F 2-1: Fly out, F9 (Flyball, 89M, EV 95.6 MPH)
|
Top of the 1st over - 0 runs, 0 hits, 0 errors, 1 left on base; Pittsburgh 0 - Colorado 0 |
BOTTOM OF THE 1ST |
Colorado Rockies batting - Pitching for Pittsburgh Pirates : RHP Michel Baez
|
Pitching: RHP Michel Baez
|
|
Batting: RHB Christian Lopes
|
0-0: Foul Ball, location: 2F 0-1: SINGLE (Groundball, 6D, EV 99.4 MPH)
|
Batting: SHB Victor Reyes
|
0-0: Ball 1-0: Swinging Strike 1-1: Fly out, F1 (Line Drive, P, EV 73.8 MPH)
|
Batting: LHB Shohei Ohtani
|
0-0: Foul Ball, location: 2F 0-1: Ball Christian Lopes is caught stealing 2nd base 2-6 1-1: Swinging Strike 1-2: SINGLE (Line Drive, 8RS, EV 93.1 MPH)
|
Batting: SHB Abraham Almonte
|
0-0: Called Strike 0-1: Ball 1-1: Fly out, F8 (Flyball, 78S, EV 85.0 MPH)
|
Bottom of the 1st over - 0 runs, 2 hits, 0 errors, 1 left on base; Pittsburgh 0 - Colorado 0 |
TOP OF THE 2ND |
Pittsburgh Pirates batting - Pitching for Colorado Rockies : RHP Steven Wright
|
Batting: LHB Eric Thames
|
0-0: Ball 1-0: Ball 2-0: Called Strike 2-1: Foul Ball, location: 2F 2-2: Strikes out swinging, 2-3 out at first.
|
Batting: LHB Jason Kipnis
|
0-0: Ball 1-0: Ball 2-0: Ball 3-0: Called Strike 3-1: Fly out, F2 (Popup, 25F, EV 77.5 MPH)
|
Batting: RHB Renato Nunez
|
0-0: Ball 1-0: SINGLE (Line Drive, 56D, EV 96.9 MPH)
|
Batting: LHB Jason Castro
|
0-0: Ball 1-0: Ball 2-0: Called Strike 2-1: Ball 3-1: SINGLE (Groundball, 6MD, EV 94.4 MPH) Renato Nunez to second Runner from 2nd tries for 3rd, SAFE, throw by CF made at trailing runner, OUT! 8-3-4
|
Top of the 2nd over - 0 runs, 2 hits, 0 errors, 1 left on base; Pittsburgh 0 - Colorado 0 |
BOTTOM OF THE 2ND |
Colorado Rockies batting - Pitching for Pittsburgh Pirates : RHP Michel Baez
|
Batting: RHB Michael Brosseau
|
0-0: Called Strike 0-1: Foul Ball, location: 2F 0-2: Strikes out swinging
|
Batting: RHB Orlando Arcia
|
0-0: Called Strike 0-1: Ball 1-1: Swinging Strike 1-2: Strikes out swinging
|
Batting: LHB CJ Alexander
|
0-0: Ball 1-0: SINGLE (Flyball, 34D, EV 86.3 MPH)
|
Batting: LHB Nick Ciuffo
|
0-0: Called Strike 0-1: Called Strike 0-2: Ball 1-2: Foul Ball, location: 2F 1-2: Ball 2-2: Foul Ball, location: 2F 2-2: Ball 3-2: Foul Ball, location: 2F 3-2: Base on Balls CJ Alexander to second
|
Batting: RHB Steven Wright
|
0-0: Ball 1-0: Ball 2-0: Swinging Strike 2-1: Swinging Strike 2-2: Foul Ball, location: 2F 2-2: Strikes out swinging
|
Bottom of the 2nd over - 0 runs, 1 hit, 0 errors, 2 left on base; Pittsburgh 0 - Colorado 0 |
TOP OF THE 3RD |
Pittsburgh Pirates batting - Pitching for Colorado Rockies : RHP Steven Wright
|
Batting: RHB Michel Baez
|
0-0: Called Strike 0-1: Ball 1-1: Swinging Strike 1-2: Ball 2-2: Ground out 6-3 (Groundball, 6, EV 78.8 MPH)
|
Batting: RHB Byron Buxton
|
0-0: Swinging Strike 0-1: Ball 1-1: Foul Ball, location: 2F 1-2: Foul Ball, location: 2F 1-2: Fly out, F7 (Flyball, 7S, EV 86.3 MPH)
|
Batting: LHB LaMonte Wade Jr.
|
0-0: Ball 1-0: Foul Ball, location: 2F 1-1: Ball 2-1: Ground out U3 (Groundball, 3, EV 85.6 MPH)
|
Top of the 3rd over - 0 runs, 0 hits, 0 errors, 0 left on base; Pittsburgh 0 - Colorado 0 |
BOTTOM OF THE 3RD |
Colorado Rockies batting - Pitching for Pittsburgh Pirates : RHP Michel Baez
|
Batting: RHB Christian Lopes
|
0-0: Ball 1-0: Foul Ball, location: 2F 1-1: Called Strike 1-2: Foul Ball, location: 2F 1-2: Strikes out swinging
|
Batting: SHB Victor Reyes
|
0-0: Ball 1-0: Foul Ball, location: 2F 1-1: Ball 2-1: Called Strike 2-2: Strikes out swinging
|
Batting: LHB Shohei Ohtani
|
0-0: Called Strike 0-1: Foul Ball, location: 2F 0-2: Ball 1-2: Strikes out swinging
|
Bottom of the 3rd over - 0 runs, 0 hits, 0 errors, 0 left on base; Pittsburgh 0 - Colorado 0 |
TOP OF THE 4TH |
Pittsburgh Pirates batting - Pitching for Colorado Rockies : RHP Steven Wright
|
Batting: LHB Didi Gregorius
|
0-0: Ball 1-0: Fly out, F8 (Line Drive, 8RM, EV 89.4 MPH)
|
Batting: RHB Franmil Reyes
|
0-0: SOLO HOME RUN (Flyball, 7D, EV 109.4 MPH), Distance : 384 ft
|
Batting: LHB Eric Thames
|
0-0: Ball 1-0: Called Strike 1-1: Ball 2-1: Ground out 1-3 (Groundball, 34S, EV 70.0 MPH)
|
Batting: LHB Jason Kipnis
|
0-0: Ball 1-0: Ball 2-0: SINGLE (Line Drive, 8LS, EV 103.1 MPH)
|
Batting: RHB Renato Nunez
|
0-0: Ball 1-0: Called Strike 1-1: Ball 2-1: Foul Ball, location: 2F 2-2: Foul Ball, location: 2F 2-2: Foul Ball, location: 2F 2-2: Ball 3-2: Foul Ball, location: 2F 3-2: Fly out, F7 (Line Drive, 7, EV 89.4 MPH)
|
Top of the 4th over - 1 run, 2 hits, 0 errors, 1 left on base; Pittsburgh 1 - Colorado 0 |
BOTTOM OF THE 4TH |
Colorado Rockies batting - Pitching for Pittsburgh Pirates : RHP Michel Baez
|
Batting: SHB Abraham Almonte
|
0-0: Ball 1-0: Ball 2-0: Ball 3-0: Ground out U3 (Groundball, 3, EV 86.3 MPH)
|
Batting: RHB Michael Brosseau
|
0-0: Called Strike 0-1: Fly out, F8 (Flyball, 8LD, EV 100.0 MPH)
|
Batting: RHB Orlando Arcia
|
0-0: Foul Ball, location: 2F 0-1: Ball 1-1: Foul Ball, location: 2F 1-2: Foul Ball, location: 2F 1-2: Fly out, F9 (Flyball, 9LM, EV 78.1 MPH)
|
Bottom of the 4th over - 0 runs, 0 hits, 0 errors, 0 left on base; Pittsburgh 1 - Colorado 0 |
TOP OF THE 5TH |
Pittsburgh Pirates batting - Pitching for Colorado Rockies : RHP Steven Wright
|
Batting: LHB Jason Castro
|
0-0: Ball 1-0: Foul Ball, location: 2F 1-1: Foul Ball, location: 2F 1-2: Ball 2-2: Ball 3-2: Base on Balls
|
Batting: RHB Michel Baez
|
0-0: Bunted foul 0-1: Sac Bunt to 3S - play at first, batter OUT! 3-4 Jason Castro to second
|
Batting: RHB Byron Buxton
|
0-0: Called Strike 0-1: Foul Ball, location: 2F 0-2: Foul Ball, location: 2F 0-2: Strikes out swinging
|
Batting: LHB LaMonte Wade Jr.
|
0-0: Called Strike 0-1: Fly out, F8 (Line Drive, 8LM, EV 98.1 MPH)
|
Top of the 5th over - 0 runs, 0 hits, 0 errors, 1 left on base; Pittsburgh 1 - Colorado 0 |
BOTTOM OF THE 5TH |
Colorado Rockies batting - Pitching for Pittsburgh Pirates : RHP Michel Baez
|
Batting: LHB CJ Alexander
|
0-0: Ground out 4-3 (Groundball, 34, EV 85.6 MPH)
|
Batting: LHB Nick Ciuffo
|
0-0: Ball 1-0: SINGLE (Groundball, 6D, EV 98.1 MPH)
|
Batting: RHB Steven Wright
|
0-0: Fly out, F9 (Flyball, 9LS, EV 90.0 MPH)
|
Batting: RHB Christian Lopes
|
0-0: SINGLE (Groundball, 3D, EV 110.6 MPH) Nick Ciuffo to second Runner from 2nd tries for 3rd, SAFE, throw by RF made at trailing runner, OUT! 9-3-6
|
Bottom of the 5th over - 0 runs, 2 hits, 0 errors, 1 left on base; Pittsburgh 1 - Colorado 0 |
TOP OF THE 6TH |
Pittsburgh Pirates batting - Pitching for Colorado Rockies : RHP Steven Wright
|
Batting: LHB Didi Gregorius
|
0-0: Ball 1-0: Called Strike 1-1: Ball 2-1: Fly out, F9 (Line Drive, 9, EV 89.4 MPH)
|
Batting: RHB Franmil Reyes
|
0-0: Called Strike 0-1: Swinging Strike 0-2: Foul Ball, location: 2F 0-2: Strikes out swinging
|
Batting: LHB Eric Thames
|
0-0: Foul Ball, location: 2F 0-1: DOUBLE (Flyball, 8RXD, EV 96.9 MPH)
|
Batting: LHB Jason Kipnis
|
0-0: Intentional Walk
|
Batting: RHB Renato Nunez
|
0-0: Ball 1-0: Foul Ball, location: 2F 1-1: Fielders Choice at 2nd, 5-4 (Groundball, 5L, EV 105.0 MPH)
|
Top of the 6th over - 0 runs, 1 hit, 0 errors, 2 left on base; Pittsburgh 1 - Colorado 0 |
BOTTOM OF THE 6TH |
Colorado Rockies batting - Pitching for Pittsburgh Pirates : RHP Michel Baez
|
Pitching: RHP Adam Ottavino
|
|
Now at 3B: Bobby Dalbec
|
|
Batting: SHB Victor Reyes
|
0-0: Called Strike 0-1: Fly out, F7 (Line Drive, 7, EV 106.9 MPH)
|
Batting: LHB Shohei Ohtani
|
0-0: Ball 1-0: Foul Ball, location: 2F 1-1: Ball 2-1: SOLO HOME RUN (Flyball, 9LD, EV 104.4 MPH), Distance : 397 ft
|
Batting: SHB Abraham Almonte
|
0-0: DOUBLE (Flyball, 89XD, EV 108.8 MPH)
|
Batting: RHB Michael Brosseau
|
0-0: Ball 1-0: Ball 2-0: Ball 3-0: Called Strike 3-1: Foul Ball, location: 2F 3-2: Strikes out swinging
|
Batting: RHB Orlando Arcia
|
0-0: Swinging Strike 0-1: Fly out, F3 (Popup, 3DF, EV 70.0 MPH)
|
Bottom of the 6th over - 1 run, 2 hits, 0 errors, 1 left on base; Pittsburgh 1 - Colorado 1 |
TOP OF THE 7TH |
Pittsburgh Pirates batting - Pitching for Colorado Rockies : RHP Steven Wright
|
Batting: LHB Jason Castro
|
0-0: Ball 1-0: Ground out 4-3 (Groundball, 34, EV 92.5 MPH)
|
Batting: RHB Bobby Dalbec
|
0-0: Called Strike 0-1: Foul Ball, location: 2F 0-2: Strikes out looking
|
Batting: RHB Byron Buxton
|
0-0: DOUBLE (Line Drive, 78XD, EV 111.3 MPH)
|
Batting: LHB LaMonte Wade Jr.
|
0-0: Ball 1-0: Ball 2-0: Ball 3-0: Base on Balls
|
Batting: LHB Didi Gregorius
|
0-0: Ball 1-0: Ball 2-0: Foul Ball, location: 2F 2-1: Foul Ball, location: 2F 2-2: Ball 3-2: Base on Balls Byron Buxton to third LaMonte Wade Jr. to second
|
Batting: RHB Franmil Reyes
|
0-0: Ball 1-0: Ball 2-0: Ground out 1-3 (Groundball, 15S, EV 68.1 MPH)
|
Top of the 7th over - 0 runs, 1 hit, 0 errors, 3 left on base; Pittsburgh 1 - Colorado 1 |
BOTTOM OF THE 7TH |
Colorado Rockies batting - Pitching for Pittsburgh Pirates : RHP Adam Ottavino
|
Pitching: RHP Ryan Pressly
|
|
Batting: LHB CJ Alexander
|
0-0: Called Strike 0-1: SOLO HOME RUN (Flyball, 89XD, EV 98.1 MPH), Distance : 389 ft
|
Batting: LHB Nick Ciuffo
|
0-0: Ball 1-0: Foul Ball, location: 2F 1-1: Fly out, F8 (Line Drive, 8RM, EV 89.4 MPH)
|
Pinch Hitting: LHB Josh VanMeter
|
0-0: Called Strike 0-1: Ball 1-1: Foul Ball, location: 2F 1-2: Ground out U3 (Groundball, 3, EV 93.8 MPH)
|
Batting: RHB Christian Lopes
|
0-0: Called Strike 0-1: Swinging Strike 0-2: Ball 1-2: SINGLE (Line Drive, 4D, EV 93.8 MPH)
|
Batting: SHB Victor Reyes
|
0-0: Ball 1-0: Foul Ball, location: 2F 1-1: Ball 2-1: Ball 3-1: DOUBLE (Flyball, 8RD, EV 110.6 MPH) Christian Lopes to third Runner from 3rd tries for Home, throw by CF and OUT! 8-4-2
|
Bottom of the 7th over - 1 run, 3 hits, 0 errors, 1 left on base; Pittsburgh 1 - Colorado 2 |
TOP OF THE 8TH |
Pittsburgh Pirates batting - Pitching for Colorado Rockies : RHP Steven Wright
|
Pitching: LHP Jeffrey Springs
|
|
Batting: LHB Eric Thames
|
0-0: Ground out 6-3 (Groundball, 6MD, EV 108.8 MPH)
|
Batting: LHB Jason Kipnis
|
0-0: Ground out 4-3 (Groundball, 4, EV 84.4 MPH)
|
Pinch Hitting: RHB Ryan Zimmerman
|
0-0: Swinging Strike 0-1: Ball 1-1: Ground out 6-3 (Groundball, 6, EV 83.8 MPH)
|
Top of the 8th over - 0 runs, 0 hits, 0 errors, 0 left on base; Pittsburgh 1 - Colorado 2 |
BOTTOM OF THE 8TH |
Colorado Rockies batting - Pitching for Pittsburgh Pirates : RHP Ryan Pressly
|
Pitching: RHP Seranthony Dominguez
|
|
Batting: LHB Shohei Ohtani
|
0-0: Ball 1-0: Fly out, F8 (Flyball, 78D, EV 104.4 MPH)
|
Batting: SHB Abraham Almonte
|
0-0: Ball 1-0: Foul Ball, location: 2F 1-1: Ball 2-1: Foul Ball, location: 2F 2-2: Foul Ball, location: 2F 2-2: Foul Ball, location: 2F 2-2: Foul Ball, location: 2F 2-2: Foul Ball, location: 2F 2-2: Ground out 4-3 (Groundball, 4, EV 76.9 MPH)
|
Batting: RHB Michael Brosseau
|
0-0: Ball 1-0: Ball 2-0: Foul Ball, location: 2F 2-1: Ball 3-1: Called Strike 3-2: Strikes out looking
|
Bottom of the 8th over - 0 runs, 0 hits, 0 errors, 0 left on base; Pittsburgh 1 - Colorado 2 |
TOP OF THE 9TH |
Pittsburgh Pirates batting - Pitching for Colorado Rockies : LHP Jeffrey Springs
|
Pitching: RHP David Sosebee
|
|
Batting: LHB Jason Castro
|
0-0: Ground out 4-3 (Groundball, 4, EV 88.1 MPH)
|
Batting: RHB Bobby Dalbec
|
0-0: Ball 1-0: Swinging Strike 1-1: Ball 2-1: Ball 3-1: Foul Ball, location: 2F 3-2: Base on Balls
|
Batting: RHB Byron Buxton
|
0-0: Called Strike 0-1: Called Strike 0-2: Strikes out looking
|
Batting: LHB LaMonte Wade Jr.
|
0-0: Ball 1-0: Swinging Strike 1-1: 2-RUN HOME RUN (Flyball, 7D, EV 110.0 MPH), Distance : 403 ft
|
Batting: LHB Didi Gregorius
|
0-0: Called Strike 0-1: Ball 1-1: Fly out, F9 (Line Drive, 9D, EV 89.4 MPH)
|
Top of the 9th over - 2 runs, 1 hit, 0 errors, 0 left on base; Pittsburgh 3 - Colorado 2 |
BOTTOM OF THE 9TH |
Colorado Rockies batting - Pitching for Pittsburgh Pirates : RHP Seranthony Dominguez
|
Pitching: LHP Taylor Rogers
|
|
Batting: RHB Orlando Arcia
|
0-0: Ball 1-0: Foul Ball, location: 2F 1-1: Foul Ball, location: 2F 1-2: Ground out 4-3 (Groundball, 34S, EV 83.8 MPH)
|
Pinch Hitting: RHB Miguel Cabrera
|
0-0: Called Strike 0-1: Ball 1-1: Foul Ball, location: 2F 1-2: Strikes out swinging
|
Batting: LHB Nick Ciuffo
|
0-0: Foul Ball, location: 2F 0-1: Called Strike 0-2: Ball 1-2: Ball 2-2: Ball 3-2: Strikes out looking
|
Bottom of the 9th over - 0 runs, 0 hits, 0 errors, 0 left on base; Pittsburgh 3 - Colorado 2 |
|